 Dungeon Crawl Stone Soup version 0.14.0-12-g87ee3b7 (webtiles) character file.

283 Qrupt the Cutter (level 5, -5/35 HPs)
             Began as a Halfling Fighter on Apr 16, 2014.
             Slain by a gnoll
             ... wielding a cursed -1,-1 halberd
              (7 damage)
             ... on Level 4 of the Dungeon.
             The game lasted 00:04:21 (2328 turns).

Qrupt the Cutter (Halfling Fighter)                 Turns: 2328, Time: 00:04:22

HP  -5/35        AC 11     Str 14      XL: 5   Next:  8%
MP   5/5         EV  5     Int  8      God:
Gold 178         SH 12     Dex 16      Spells:  0 memorised,  4 levels left

rFire  . . .     SeeInvis .     a - +0 cutlass
rCold  . . .     Clarity  .     f - +0 plate armour {rN+}
rNeg   + . .     Conserve .     c - +0 buckler
rPois  .         rCorr    .     (no helmet)
rElec  .         rRot     .     (no cloak)
SustAb . .       Spirit   .     (no gloves)
rMut   .         Warding  .     (no boots)
Saprov . . .     Stasis   .     (no amulet)
MR     .....                    (no ring)
                                (no ring)

@: very slightly contaminated, hasted, very quick, not resistant to hostile
enchantments, extremely unstealthy
A: mutation resistance 1, slow metabolism 1
a: no special abilities


You were on level 4 of the Dungeon.
You were near starving.

You visited 1 branch of the dungeon, and saw 4 of its levels.

You collected 178 gold pieces.

Inventory:

Hand weapons
 a - a +0,+0 cutlass (weapon)
Armour
 b - a +0 scale mail
 c - a +0 buckler (worn)
 f - a +0 plate armour of positive energy (worn)
Magical devices
 u - a wand of lightning (4) {unknown}
Comestibles
 d - 3 bread rations
 o - 2 pears
 r - a meat ration
 v - a choko
Scrolls
 g - a scroll of immolation {unknown}
 h - 10 scrolls of remove curse {unknown}
 k - 3 scrolls of identify {unknown}
 m - a scroll of teleportation {unknown}
 n - a scroll of enchant weapon II {unknown}
Potions
 e - a potion of might
 i - a potion of agility {unknown}
 j - 2 potions of haste
 l - a potion of brilliance {unknown}
 p - a potion of lignification {unknown}
 q - 2 potions of heal wounds {unknown}
 s - a potion of curing {unknown}
 t - a potion of flight {unknown}


   Skills:
 - Level 2.6 Fighting
 + Level 5.4 Short Blades
 + Level 3.2 Armour
 - Level 3.2 Shields


You had 4 spell levels left.
You didn't know any spells.

Dungeon Overview and Level Annotations

Branches:
Dungeon (4/15)
 Temple: D:4-7

Altars:
Dithmenos

Annotations:
D:3 Sigmund


Innate Abilities, Weirdness & Mutations

You are small and have problems with some larger weapons.
You are somewhat resistant to further mutation.
You have a slow metabolism.


Message History

The gnoll hits you but does no damage.
You closely miss the gnoll.
The gnoll is severely wounded.
You hit the gnoll but do no damage.
The gnoll is severely wounded.
The gnoll barely misses you.
Your plate armour prevents you from hitting the gnoll.
The gnoll is severely wounded.
The gnoll hits you with a halberd.
* * * LOW HITPOINT WARNING * * *
Drink which item? (? for menu, Esc to quit)
You feel yourself speed up.
It was a potion of haste.
You are very lightly contaminated with residual magic.
You hit the gnoll.
The gnoll is almost dead.
The gnoll barely misses you.
Your plate armour prevents you from hitting the gnoll.
The gnoll is almost dead.
The gnoll hits you with a halberd!
You die...

..###.#......
...#.........
#...........
##...........
#.#.............
#....g.g.......
##.#..g........
####g#........
#@#.#.!.......
##g##.........
###<#.......
.##..... .# ###.


You could see a gnoll.

Vanquished Creatures
  2 gnolls (D:4)
  3 adders
  A worm (D:3)
  A giant gecko (D:1)
  An orc (D:2)
  A ball python (D:2)
  8 hobgoblins
  7 jackals
  9 kobolds
  3 bats
  A giant cockroach (D:1)
  2 giant newts
  8 goblins
  A quokka (D:2)
  3 rats
51 creatures vanquished.

Notes
Turn   | Place    | Note
--------------------------------------------------------------
     0 | D:1      | Qrupt, the Halfling Fighter, began the quest for the Orb.
     0 | D:1      | Reached XP level 1. HP: 15/15 MP: 1/1
   324 | D:1      | Reached XP level 2. HP: 18/20 MP: 2/2
   453 | D:1      | Reached skill level 4 in Short Blades
   464 | D:1      | Reached XP level 3. HP: 18/25 MP: 3/3
   866 | D:2      | Found a shadowy altar of Dithmenos.
  1494 | D:2      | Reached XP level 4. HP: 26/30 MP: 4/4
  1917 | D:3      | Reached skill level 5 in Short Blades
  2141 | D:3      | Noticed Sigmund
  2307 | D:4      | Reached XP level 5. HP: 15/35 MP: 5/5
  2328 | D:4      | Slain by a gnoll

Action                   |  1- 3 |  4- 6 || total
-------------------------+-------+-------++-------
Melee: Cutlass           |   189 |   109 ||   298
  Use: Potion            |       |     1 ||     1
